 Dungeon Sprint DCSS version 0.24.0-13-gcf9b319 (webtiles) character file.

Game seed: 4231279138189294855, levelgen mode: deterministic

28415 Fang the Warrior (level 13, -3/142 HPs)
             Began as a Gargoyle Berserker on Dec 10, 2019.
             Was the Champion of Trog.
             Slain by a vampire (7 damage)
             ... summoned by a mummy priest
             ... in the Dungeon (Sprint V: "Ziggurat Sprint").
             The game lasted 00:05:09 (1254 turns).

Fang the Warrior (Gargoyle Berserker)               Turns: 1254, Time: 00:05:09

Health: -3/142     AC: 55    Str: 40    XL:     13   Next: 38%
Magic:  23/23      EV: 10    Int: 17    God:    Trog [******]
Gold:   0          SH: 36    Dex:  9    Spells: 12/12 levels left

rFire    + . .     SeeInvis .   A - +6 broad axe (flame)
rCold    . . .     Gourm    .   E - +18 shield of the Gong {rElec rN+ MR+ EV-5}
rNeg     + + .     Faith    .   b - +15 Maxwell's patent armour {-Cast -Tele rElec MR+ rCorr}
rPois    ∞         Spirit   .   G - +3 hat of Pondering {ponderous, MR+ MP+10 Int+5}
rElec    +         Reflect  +   x - +4 cloak of the Original Sin {rF+ MR++ Str+3 Int+4}
rCorr    +         Harm     .   g - +3 pair of gauntlets of War {Slay+5}
MR       +++++     NoTele   +   (no boots) Stlth ..........NoCast +
                                I - +2 amulet of reflection
HPRegen  0.33/turn              D - +6 ring of strength
MPRegen  0.18/turn              o - ring "Quomeif" {+Inv +Fly rPois}

@: berserking, very quick
A: negative energy resistance 1, electricity resistance, unbreathing,
petrification resistance, rot immunity, AC +9
a: Berserk, Trog's Hand, Brothers in Arms, Renounce Religion, Evoke
Invisibility, Evoke Flight


You were in the Dungeon.
You worshipped Trog.
Trog was exalted by your worship.
You were very hungry.

You visited 1 branch

Inventory:

Hand Weapons
 a - a +5 broad axe
 A - a +6 broad axe of flaming (weapon)
 C - the +5 war axe of Dullness {flame, -Tele rPois rC++}
   (Trog gifted it to you in the Dungeon)

   It has been specially enchanted to burn those struck by it, causing extra
   injury to most foes and up to half again as much damage against particularly
   susceptible opponents.
   Big, fiery blades are also staple armaments of hydra-hunters.
   It greatly protects you from cold.
   It protects you from poison.
   It prevents most forms of teleportation.
Armour
 b - the +15 Maxwell's patent armour (worn) {-Cast -Tele rElec MR+ rCorr}
   (You found it in the Dungeon)

   It insulates you from electricity.
   It affects your resistance to hostile enchantments.
   It prevents spellcasting.
   It prevents most forms of teleportation.
   It provides partial protection from all sources of acid and corrosion.
 g - the +3 pair of gauntlets of War (worn) {Slay+5}
   (You found it in the Dungeon)

   It affects your accuracy and damage with ranged weapons and melee attacks
   (+5).
 x - the +4 cloak of the Original Sin (worn) {rF+ MR++ Str+3 Int+4}
   (You found it in the Dungeon)

   It affects your strength (+3).
   It affects your intelligence (+4).
   It protects you from fire.
   It affects your resistance to hostile enchantments.
 E - the +18 shield of the Gong (worn) {rElec rN+ MR+ EV-5}
   (You found it in the Dungeon)

   It affects your evasion (-5).
   It insulates you from electricity.
   It protects you from negative energy.
   It affects your resistance to hostile enchantments.
 G - the +3 hat of Pondering (worn) {ponderous, MR+ MP+10 Int+5}
   (You took it off Gastronok in the Dungeon)

   It affects your intelligence (+5).
   It affects your resistance to hostile enchantments.
   It affects your magic capacity (+10).
Jewellery
 o - the ring "Quomeif" (right hand) {+Inv +Fly rPois}
   (You found it in the Dungeon)

   [ring of flight]

   It protects you from poison.
   It lets you turn invisible.
   It lets you fly.
 B - the amulet of Lokydurgh {RegenMP *Slow rElec Int+2}
   (You found it in the Dungeon)

   [amulet of magic regeneration]

   It increases your magic regeneration.
   It affects your intelligence (+2).
   It insulates you from electricity.
   It may slow you when you take damage.
 D - a +6 ring of strength (left hand)
 I - a +2 amulet of reflection (around neck)
Wands
 u - a wand of disintegration (7)
 v - a wand of iceblast (7)
 w - a wand of acid (7)
 y - a wand of polymorph (8)
 z - a wand of digging (5)
 H - a wand of flame (17)
Scrolls
 i - 4 scrolls of blinking
 j - 7 scrolls of fog
 k - a scroll of holy word
 l - 4 scrolls of identify
 m - 5 scrolls of remove curse
 n - 2 scrolls of fear
Potions
 d - 10 potions of curing
 e - 18 potions of heal wounds
 f - 10 potions of haste
 h - 5 potions of berserk rage
 p - 2 potions of invisibility
 q - 4 potions of resistance
 r - a potion of experience
 s - 5 potions of agility
 t - 5 potions of might
 F - a potion of flight
Comestibles
 c - 7 rations


   Skills:
 + Level 16.8 Fighting
 + Level 14.5 Axes
 + Level 16.6 Armour
 + Level 13.3 Dodging
 + Level 16.5 Shields


You had 12 spell levels left.
You didn't know any spells.
Your spell library was empty.

Dungeon Overview and Level Annotations

Branches:
Dungeon (1/1)

Altars:
Ashenzari
Cheibriados
Dithmenos
Elyvilon
Fedhas
Gozag
Hepliaklqana
Kikubaaqudgha
Makhleb
Nemelex Xobeh
Okawaru
Qazlal
Ru
Sif Muna
Trog
Uskayaw
Vehumet
Wu Jian
Xom
Yredelemnul
Zin
The Shining One
Beogh
Jiyva
Lugonu

Annotations:
D 1 transporter


Innate Abilities, Weirdness & Mutations

You are resistant to torment.
Your stone body is resilient. (AC +9)
You are immune to poison.
You resist negative energy. (rN+)
You are resistant to electric shocks. (rElec)
You can survive without breathing.
You are immune to petrification.
You are immune to rotting.


Message History

The adder simulacrum vapourises!
You hit something. You burn something. You slash the phantasmal warrior!
You burn the phantasmal warrior. You block the death scarab's attack.
GONNNNG!
The greater mummy gestures wildly while chanting.
You block the reaper's attack.
GONNNNG!
The phantasmal warrior hits you but does no damage.
You closely miss something.
You open the death scarab like a pillowcase!!!
You burn the death scarab.
You destroy the death scarab!
The death scarab's corpse disappears in a puff of smoke!
You slash the death scarab! You burn the death scarab.
You slash the phantasmal warrior! You burn the phantasmal warrior.
You feel the power of Trog in you as your rage grows.
You destroy the phantasmal warrior!
The death scarab bites you but does no damage.
Something hits you!
You die...

▓.........▓.
▓....8©8....▓....©....▓.
▓..==::=):..▓▓▓▓▓▓▓▓▓▓▓▓
▓....}=[....▓...8©8...▓.
▓....nM4....▓..}..)[..▓.
▓....MWWM.§.▓...}.)...▓.
▓...M4MS§...▓.........▓.
▓.....☼s|...▓.........▓.
..▓..{@§▓..▓.........▓.
▓.▓.s.▓.▓ ▓...)))...▓.
▓..▓....2▓..▓.▓.)().▓.▓.
▓.....©.....▓....©....▓.
▓▓▓▓▓▓▓▓▓▓▓▓▓▓▓▓▓▓▓▓▓▓▓▓
▓...8©8...▓...8©8...▓...
▓...=[.:[.▓....|)...▓..|
▓...=.|)..▓..):).}..▓...
▓.........▓.........▓...


You could see 2 greater mummies, a reaper, a mummy priest, an orange demon, a
mana viper, a rust devil, a hungry ghost, a wraith, 2 death scarabs, a
necrophage and 2 mummies.

Vanquished Creatures
  2 greater mummies (D)
  Gastronok (D)
  2 entropy weavers (D)
  A spark wasp (D)
  A mummy priest (D)
  Erolcha (D)
  Harold (D)
  2 vault guards (D)
  A centaur warrior (D)
  Erica (D)
  2 hell hogs (D)
  2 ugly things (D)
  A black mamba (shapeshifter) (D)
  Joseph (D)
  2 vault sentinels (D)
  2 yaktaurs (D)
  An efreet (D)
  6 guardian mummies (D)
  2 jumping spiders (D)
  Grinder (D)
  A raiju (shapeshifter) (D)
  A flying skull (D)
  Sigmund (D)
  4 redbacks (D)
  A spriggan (D)
  A tarantella (shapeshifter) (D)
  A spriggan (shapeshifter) (D)
  3 ushabtiu (D)
  A tarantella (D)
  A golden eye (D)
  Grum (D)
  Eustachio (D)
  A neqoxec (D)
  Edmund (D)
  Duvessa (D)
  A hell hound (D)
  2 floating eyes (D)
  2 black bears (D)
  Blork the orc (D)
  Dowan (D)
  2 jellies (D)
  Crazy Yiuf (D)
  Jessica (D)
  Ijyb (D)
  7 mummies (D)
  A shadow imp (D)
  An adder zombie (D)
  An adder skeleton (D)
  2 orcs (D)
  A giant cockroach zombie (D)
  2 fire vortices (D)
80 creatures vanquished.

Vanquished Creatures (others)
  A hell hog (D)
  A bat zombie (D)
2 creatures vanquished.

Grand Total: 82 creatures vanquished

Notes
Turn   | Place    | Note
-------+----------+-------------------------------------------
     0 | D        | Fang the Gargoyle Berserker began the quest for the Orb.
     0 | D        | Reached XP level 1. HP: 14/14 MP: 1/1
     1 | D        | Found a blossoming altar of Fedhas.
     2 | D        | Found the +6 Majin-Bo {vamp, Archmagi MP+6 Int+6}
     2 | D        | Found the +7 great mace "Firestarter" {inner flame, rF++}
     3 | D        | Found a viscous altar of Jiyva.
     3 | D        | Found a hazy altar of Hepliaklqana.
     3 | D        | Found a transporter.
     3 | D        | Found an opulent altar of Gozag.
     3 | D        | Found an ancient bone altar of Kikubaaqudgha.
     3 | D        | Found a corrupted altar of Lugonu.
    15 | D        | Found a burning altar of Makhleb.
    17 | D        | Found a stormy altar of Qazlal.
    17 | D        | Found an iron altar of Okawaru.
    17 | D        | Found a sacrificial altar of Ru.
    17 | D        | Found a sparkling altar of Nemelex Xobeh.
    17 | D        | Found a shimmering blue altar of Sif Muna.
    17 | D        | Found a bloodstained altar of Trog.
    24 | D        | Found the +9 heavy crossbow "Sniper" {velocity, Acc+∞ SInv}
    24 | D        | Found the +10 dark maul {crush}
    24 | D        | Found the +15 Maxwell's patent armour {-Cast -Tele rElec
                  | MR+ rCorr}
    24 | D        | Found the +18 shield of the Gong {rElec rN+ MR+ EV-5}
    24 | D        | Found the cursed +14 obsidian axe {chop, +Fly SInv *Curse}
    77 | D        | Entered arena 2.
    77 | D        | Found a transporter.
    78 | D        | Found the +8 whip "Snakebite" {curare, rPois}
    80 | D        | Reached skill level 1 in Shields
    88 | D        | Entered arena 3.
    88 | D        | Noticed a black bear
    88 | D        | Noticed a black bear
    88 | D        | Noticed a spriggan
    88 | D        | Found a transporter.
    92 | D        | Killed a black bear
    92 | D        | Reached ** piety under Trog
    92 | D        | Reached skill level 5 in Fighting
    92 | D        | Reached XP level 2. HP: 21/21 MP: 2/2
    92 | D        | Reached XP level 3. HP: 26/26 MP: 3/3
    92 | D        | Reached XP level 4. HP: 31/31 MP: 4/4
    92 | D        | Killed a black bear
    92 | D        | Reached skill level 5 in Axes
    92 | D        | Reached skill level 5 in Armour
    92 | D        | Reached skill level 5 in Shields
    92 | D        | Reached XP level 5. HP: 37/37 MP: 5/5
    97 | D        | Killed a spriggan
    97 | D        | Reached skill level 5 in Dodging
    97 | D        | Reached XP level 6. HP: 44/44 MP: 6/6
   133 | D        | Entered arena 4.
   133 | D        | Noticed a hell hound
   133 | D        | Found a transporter.
   136 | D        | Reached *** piety under Trog
   141 | D        | Killed a hell hound
   141 | D        | Reached XP level 7. HP: 38/48 MP: 7/7
   198 | D        | Entered arena 5.
   198 | D        | Found a transporter.
   203 | D        | Reached **** piety under Trog
   213 | D        | Entered arena 6.
   213 | D        | Noticed a golden eye
   213 | D        | Found a transporter.
   214 | D        | Found the +12 Vampire's Tooth {vamp}
   214 | D        | Paralysed by a floating eye for 2 turns
   220 | D        | Paralysed by a floating eye for 3 turns
   223 | D        | Reached ***** piety under Trog
   227 | D        | Killed a golden eye
   227 | D        | Received a gift from Trog
   227 | D        | Reached XP level 8. HP: 46/56 MP: 8/8
   235 | D        | Got the ring "Quomeif" {+Inv +Fly rPois}
   283 | D        | Entered arena 7.
   283 | D        | Noticed a hell hog
   283 | D        | Noticed a hell hog
   283 | D        | Noticed an efreet
   283 | D        | Noticed a hell hog
   286 | D        | Found a transporter.
   294 | D        | Killed a hell hog
   294 | D        | Killed a hell hog
   294 | D        | Reached skill level 10 in Fighting
   294 | D        | Reached skill level 10 in Armour
   294 | D        | Reached skill level 10 in Shields
   294 | D        | Reached XP level 9. HP: 42/63 MP: 9/9
   295 | D        | Killed a hell hog
   298 | D        | Killed an efreet
   418 | D        | Entered arena 8.
   418 | D        | Noticed a brown ugly thing
   418 | D        | Noticed a black mamba
   418 | D        | Noticed a purple ugly thing
   419 | D        | Found the +3 pair of gauntlets of War {Slay+5}
   419 | D        | Found the +8 longbow "Zephyr" {speed, Dex+3 SInv}
   419 | D        | Found a transporter.
   425 | D        | Killed a black mamba
   425 | D        | Reached XP level 10. HP: 70/70 MP: 10/10
   426 | D        | Received a gift from Trog
   430 | D        | Killed a brown ugly thing
   430 | D        | Reached skill level 10 in Axes
   433 | D        | Killed a brown ugly thing
   530 | D        | Got the +4 cloak of the Original Sin {rF+ MR++ Str+3 Int+4}
   538 | D        | Entered arena 9.
   538 | D        | Noticed Sigmund
   538 | D        | Noticed Jessica
   538 | D        | Noticed Blork the orc
   538 | D        | Noticed Crazy Yiuf
   538 | D        | Noticed Dowan
   538 | D        | Noticed Duvessa
   538 | D        | Noticed Edmund
   539 | D        | Found a transporter.
   543 | D        | Killed Crazy Yiuf
   543 | D        | Received a gift from Trog
   546 | D        | Killed Dowan
   546 | D        | Killed Jessica
   549 | D        | Killed Blork the orc
   551 | D        | Killed Duvessa
   551 | D        | Killed Edmund
   556 | D        | Killed Sigmund
   556 | D        | Reached ****** piety under Trog
   556 | D        | Received a gift from Trog
   572 | D        | Got the amulet of Lokydurgh {RegenMP *Slow rElec Int+2}
   597 | D        | Entered arena 10.
   597 | D        | Noticed a vault sentinel
   597 | D        | Noticed a vault guard
   597 | D        | Noticed a vault guard
   597 | D        | Noticed a vault sentinel
   597 | D        | Noticed a centaur warrior
   598 | D        | Found a transporter.
   607 | D        | Killed a centaur warrior
   608 | D        | Killed a vault guard
   608 | D        | Reached skill level 10 in Dodging
   608 | D        | Reached XP level 11. HP: 77/77 MP: 11/11
   611 | D        | Received a gift from Trog
   615 | D        | Killed a vault guard
   652 | D        | Got a pitted war axe {god gift}
   653 | D        | Identified the +5 war axe of Dullness {flame, -Tele rPois
                  | rC++} (Trog gifted it to you in the Dungeon)
   687 | D        | Entered arena 11.
   687 | D        | Noticed Erica
   687 | D        | Noticed Erolcha
   687 | D        | Noticed Eustachio
   687 | D        | Noticed Gastronok
   687 | D        | Noticed Grum
   687 | D        | Noticed Grinder
   687 | D        | Noticed Harold
   687 | D        | Noticed Ijyb
   687 | D        | Noticed Joseph
   688 | D        | Found a transporter.
   695 | D        | Killed Grinder
   696 | D        | Killed Harold
   696 | D        | Killed Ijyb
   697 | D        | Killed Erolcha
   699 | D        | Killed Eustachio
   699 | D        | Received a gift from Trog
   700 | D        | Killed Erica
   702 | D        | Killed Grum
   706 | D        | Killed Joseph
   714 | D        | Killed Gastronok
   819 | D        | Entered arena 12.
   819 | D        | Noticed an entropy weaver
   820 | D        | Noticed a spark wasp
   820 | D        | Identified the +7 falchion of Reinforcement {slice, Str+6
                  | Int+2}
   820 | D        | Noticed an entropy weaver
   824 | D        | Reached XP level 12. HP: 86/86 MP: 12/12
   826 | D        | Killed an entropy weaver
   826 | D        | Received a gift from Trog
   830 | D        | Killed a spark wasp
   830 | D        | Reached skill level 15 in Fighting
   838 | D        | Killed an entropy weaver
   838 | D        | Received a gift from Trog
   838 | D        | Reached skill level 15 in Armour
   867 | D        | Found a transporter.
   884 | D        | Entered arena 13.
   884 | D        | Noticed a greater mummy
   886 | D        | Found a transporter.
   890 | D        | Reached skill level 15 in Shields
   895 | D        | Received a gift from Trog
   897 | D        | Noticed a soul eater
   904 | D        | Noticed a jiangshi
   906 | D        | Killed a greater mummy
   906 | D        | Received a gift from Trog
  1122 | D        | Got a smoking plate armour
  1133 | D        | Identified the +3 plate armour of Democracy {MR+ rCorr
                  | Dex+5} (You acquired it in the Dungeon)
  1237 | D        | Entered arena 14.
  1238 | D        | Noticed a mummy priest
  1238 | D        | Noticed a mummy priest
  1239 | D        | Noticed a greater mummy
  1239 | D        | Noticed a greater mummy
  1239 | D        | Noticed a greater mummy
  1240 | D        | Found a transporter.
  1243 | D        | Reached XP level 13. HP: 93/93 MP: 13/13
  1244 | D        | Killed a mummy priest
  1251 | D        | Killed a greater mummy
  1251 | D        | Received a gift from Trog
  1251 | D        | HP: 3/142 [something (32)]
  1251 | D        | Noticed a reaper
  1254 | D        | Slain by a vampire

Levels and vault maps discovered:
D:        sprint_v [room_start, room_1, room_2, room_3, room_4, room_5, room_6,
          room_7, room_8, room_9, room_10, room_11, room_12, room_13, room_14,
          room_15, room_16, room_17, room_18, room_19, room_20, room_21,
          room_22, room_23, room_24, room_25, room_26, room_27]

Skill      XL: |  1  2  3  4  5  6  7  8  9 10 11 12 13 |
---------------+----------------------------------------+-----
Axes           | 4 5 6 7 9 11 12 13 14 | 14.5
Shields        | 3 5 6 7 8 10 11 12 14 15 16 | 16.5
Fighting       | 5 6 7 9 10 11 12 14 16 | 16.8
Armour         | 4 5 6 7 8 10 11 12 14 15 16 | 16.6
Dodging        | 3 4 5 6 7 8 10 11 12 13 | 13.3

Action                   |  1- 3 |  4- 6 |  7- 9 | 10-12 | 13-15 || total
-------------------------+-------+-------+-------+-------+-------++-------
Melee: Broad axe         |     4 |    13 |    28 |    40 |    11 ||    96
       War axe           |       |       |       |    60 |       ||    60
Invok: Berserk           |     1 |       |     2 |     5 |       ||     8
       Trog's Hand       |       |       |     1 |       |       ||     1
  Use: Scroll            |       |       |       |     2 |       ||     2
  Eat: Chunk             |       |       |       |     8 |       ||     8
Armor: Plate armour      |     4 |     6 |    22 |    48 |     3 ||    83
Dodge: Dodged            |       |     1 |     1 |     9 |     2 ||    13
Block: Shield            |     7 |    18 |    40 |   159 |    15 ||   239
